| TOP OF THE 1ST |
|
San Francisco (APP) Giants batting - Pitching for Grand Junction Rockies : LHP Omar Samario
|
|
Pitching: LHP Omar Samario
|
|
|
Batting: RHB Vinny Torres
|
0-0: Called Strike 0-1: Ball 1-1: Ball 2-1: SINGLE (Groundball, 5S, EV 66.9 MPH) (infield hit)
|
|
Batting: RHB Coen Dirks
|
0-0: Called Strike 0-1: Called Strike 0-2: Foul Ball, location: 2F 0-2: Foul Ball, location: 2F 0-2: Foul Ball, location: 2F 0-2: Ball 1-2: Fly out, F9 (Line Drive, 9, EV 87.5 MPH)
|
|
Batting: RHB Zach Maguire
|
0-0: Ball 1-0: Ball 2-0: Foul Ball, location: 2F 2-1: SINGLE (Line Drive, 3D, EV 101.2 MPH) Vinny Torres to second
|
|
Batting: RHB Edwin Verdugo
|
0-0: Ball 1-0: Swinging Strike 1-1: Ball 2-1: 3-RUN HOME RUN (Flyball, 7D, EV 96.2 MPH), Distance : 374 ft
|
|
Batting: RHB Tsugio Yamaguchi
|
0-0: Ball 1-0: Called Strike 1-1: Ball 2-1: Ball 3-1: SINGLE (Line Drive, 6MD, EV 101.2 MPH)
|
|
Batting: LHB Dennis Jones
|
0-0: Ball 1-0: Ball Tsugio Yamaguchi steals 2nd base 2-0: Ball 3-0: Base on Balls
|
|
Batting: RHB Alex Peguero
|
0-0: Ball 1-0: Called Strike 1-1: Foul Ball, location: 2F 1-2: Ball 2-2: Ball 3-2: 3-RUN HOME RUN (Line Drive, 7D, EV 108.1 MPH), Distance : 422 ft
|
|
Batting: RHB Noe Oliva
|
0-0: Called Strike 0-1: Ball 1-1: Ball 2-1: Called Strike 2-2: Foul Ball, location: 2F 2-2: Foul Ball, location: 2F 2-2: DOUBLE (Line Drive, 7LM, EV 87.5 MPH)
|
|
Pitching: RHP Aaron O'Brien
|
|
|
Batting: RHB Jonathan Hemsley
|
0-0: Ball 1-0: Foul Ball, location: 2F 1-1: Foul Ball, location: 2F 1-2: Fly out, F9 (Flyball, 9LM, EV 97.5 MPH)
|
|
Batting: RHB Vinny Torres
|
0-0: Ball 1-0: Ball 2-0: Ground out 6-3 (Groundball, 56D, EV 100.6 MPH)
|
| Top of the 1st over - 6 runs, 6 hits, 0 errors, 1 left on base; San Francisco (APP) 6 - Grand Junction 0 |
| BOTTOM OF THE 1ST |
|
Grand Junction Rockies batting - Pitching for San Francisco (APP) Giants : LHP Diego Tellez
|
|
Pitching: LHP Diego Tellez
|
|
|
Batting: RHB Gashie Chimsima
|
0-0: Ball 1-0: Called Strike 1-1: Foul Ball, location: 2F 1-2: Ball 2-2: Fly out, F8 (Flyball, 8LD, EV 86.2 MPH)
|
|
Batting: SHB Justin Jackson
|
0-0: Ball 1-0: SOLO HOME RUN (Flyball, 7D, EV 98.1 MPH), Distance : 380 ft
|
|
Batting: RHB Dan Hoffman
|
0-0: Ball 1-0: Foul Ball, location: 2F 1-1: Ball 2-1: Called Strike 2-2: Ball 3-2: Foul Ball, location: 2F 3-2: Base on Balls
|
|
Batting: RHB Edwin Bejarano
|
0-0: Ball 1-0: SINGLE (Groundball, 56D, EV 93.8 MPH) Dan Hoffman to second
|
|
Batting: LHB Georges Lambert
|
0-0: Foul Ball, location: 2F 0-1: Swinging Strike 0-2: Ball 1-2: Foul Ball, location: 2F 1-2: Ball 2-2: Ball 3-2: Base on Balls Dan Hoffman to third Edwin Bejarano to second
|
|
Batting: SHB Oscar Barahona
|
0-0: Grounds into double play, 4-6-3 (Groundball, 4, EV 106.2 MPH)
|
| Bottom of the 1st over - 1 run, 2 hits, 0 errors, 2 left on base; San Francisco (APP) 6 - Grand Junction 1 |
| TOP OF THE 2ND |
|
San Francisco (APP) Giants batting - Pitching for Grand Junction Rockies : RHP Aaron O'Brien
|
|
Batting: RHB Coen Dirks
|
0-0: Ball 1-0: Called Strike 1-1: Swinging Strike 1-2: Foul Ball, location: 2F 1-2: Foul Ball, location: 2F 1-2: Strikes out swinging
|
|
Batting: RHB Zach Maguire
|
0-0: Fly out, F9 (Flyball, 9, EV 96.9 MPH)
|
|
Batting: RHB Edwin Verdugo
|
0-0: Ball 1-0: Ball 2-0: Ball 3-0: Base on Balls
|
|
Batting: RHB Tsugio Yamaguchi
|
0-0: Ball 1-0: Called Strike 1-1: Ball 2-1: Foul Ball, location: 2F 2-2: Ground out 4-3 (Groundball, 4, EV 86.9 MPH)
|
| Top of the 2nd over - 0 runs, 0 hits, 0 errors, 1 left on base; San Francisco (APP) 6 - Grand Junction 1 |
| BOTTOM OF THE 2ND |
|
Grand Junction Rockies batting - Pitching for San Francisco (APP) Giants : LHP Diego Tellez
|
|
Batting: RHB Xavier Williams
|
0-0: Foul Ball, location: 2F 0-1: Ground out 6-3 (Groundball, 56, EV 105.0 MPH)
|
|
Batting: RHB Wei-fang Ping
|
0-0: Ball 1-0: Foul Ball, location: 2F 1-1: Ground out 6-3 (Groundball, 6, EV 86.9 MPH)
|
|
Batting: RHB Tom Gentry
|
0-0: Called Strike 0-1: Foul Ball, location: 2F 0-2: Fly out, F2 (Popup, 2RF, EV 92.5 MPH)
|
| Bottom of the 2nd over - 0 runs, 0 hits, 0 errors, 0 left on base; San Francisco (APP) 6 - Grand Junction 1 |
| TOP OF THE 3RD |
|
San Francisco (APP) Giants batting - Pitching for Grand Junction Rockies : RHP Aaron O'Brien
|
|
Batting: LHB Dennis Jones
|
0-0: Called Strike 0-1: Called Strike 0-2: Ball 1-2: Foul Ball, location: 2F 1-2: Ball 2-2: Strikes out swinging
|
|
Batting: RHB Alex Peguero
|
0-0: Called Strike 0-1: Ball 1-1: Ball 2-1: Ball 3-1: Base on Balls
|
|
Batting: RHB Noe Oliva
|
0-0: Ball 1-0: Called Strike 1-1: Foul Ball, location: 2F 1-2: Ball Passed Ball! Alex Peguero to second 2-2: Ball 3-2: Strikes out swinging
|
|
Batting: RHB Jonathan Hemsley
|
0-0: Called Strike 0-1: Swinging Strike 0-2: Ground out 4-3 (Groundball, 4, EV 106.9 MPH)
|
| Top of the 3rd over - 0 runs, 0 hits, 0 errors, 1 left on base; San Francisco (APP) 6 - Grand Junction 1 |
| BOTTOM OF THE 3RD |
|
Grand Junction Rockies batting - Pitching for San Francisco (APP) Giants : LHP Diego Tellez
|
|
Batting: RHB Gashie Chimsima
|
0-0: Ball 1-0: SOLO HOME RUN (Flyball, 7D, EV 96.2 MPH), Distance : 389 ft
|
|
Batting: SHB Justin Jackson
|
0-0: Called Strike 0-1: Foul Ball, location: 2F 0-2: Foul Ball, location: 2F 0-2: Ball 1-2: Strikes out swinging
|
|
Batting: RHB Dan Hoffman
|
0-0: Swinging Strike 0-1: Called Strike 0-2: Ball 1-2: SINGLE (Line Drive, 8LS, EV 105.0 MPH)
|
|
Batting: RHB Edwin Bejarano
|
0-0: Ball 1-0: Swinging Strike 1-1: SINGLE (Groundball, 6MS, EV 87.5 MPH) (infield hit) Dan Hoffman to second
|
|
Batting: LHB Georges Lambert
|
0-0: Called Strike 0-1: Foul Ball, location: 2F 0-2: Ball 1-2: Foul Ball, location: 2F 1-2: Fielders Choice at 2nd, 4-6 (Groundball, 34, EV 99.4 MPH) Dan Hoffman to third
|
|
Batting: SHB Oscar Barahona
|
0-0: Ball 1-0: DOUBLE (Groundball, 5L, EV 108.8 MPH) Dan Hoffman scores Georges Lambert to third Runner from 3rd tries for Home, SAFE, throw by LF to home
|
|
Batting: RHB Xavier Williams
|
0-0: Ball 1-0: Foul Ball, location: 2F 1-1: Foul Ball, location: 2F Balk! Oscar Barahona to third 1-2: Strikes out looking
|
| Bottom of the 3rd over - 3 runs, 4 hits, 0 errors, 1 left on base; San Francisco (APP) 6 - Grand Junction 4 |
| TOP OF THE 4TH |
|
San Francisco (APP) Giants batting - Pitching for Grand Junction Rockies : RHP Aaron O'Brien
|
|
Pitching: RHP Ricardo Roman
|
|
|
Batting: RHB Vinny Torres
|
0-0: Foul Ball, location: 2F 0-1: SOLO HOME RUN (Flyball, 7LD, EV 92.5 MPH), Distance : 344 ft
|
|
Batting: RHB Coen Dirks
|
0-0: Ball 1-0: Foul Ball, location: 2F 1-1: Fly out, F7 (Flyball, 7, EV 95.6 MPH)
|
|
Batting: RHB Zach Maguire
|
0-0: Called Strike 0-1: Ball 1-1: Ball 2-1: Foul Ball, location: 2F 2-2: DOUBLE (Flyball, 8RXD, EV 111.2 MPH)
|
|
Batting: RHB Edwin Verdugo
|
0-0: Ball 1-0: Ball 2-0: Ball 3-0: Called Strike 3-1: Called Strike 3-2: Ground out 5-3 (Groundball, 56, EV 78.8 MPH)
|
|
Batting: RHB Tsugio Yamaguchi
|
0-0: Foul Ball, location: 2F 0-1: Ground out 3-1 (Groundball, 34S, EV 83.8 MPH)
|
| Top of the 4th over - 1 run, 2 hits, 0 errors, 1 left on base; San Francisco (APP) 7 - Grand Junction 4 |
| BOTTOM OF THE 4TH |
|
Grand Junction Rockies batting - Pitching for San Francisco (APP) Giants : LHP Diego Tellez
|
|
Batting: RHB Wei-fang Ping
|
0-0: Ball 1-0: Ball 2-0: Ball 3-0: Called Strike 3-1: Foul Ball, location: 2F 3-2: Base on Balls
|
|
Batting: RHB Tom Gentry
|
0-0: Ball 1-0: SINGLE (Groundball, 56, EV 81.2 MPH) (infield hit) Wei-fang Ping to second
|
|
Batting: RHB Gashie Chimsima
|
0-0: Called Strike 0-1: Ball 1-1: Foul Ball, location: 2F 1-2: Ball 2-2: Fielders Choice at 2nd, 3-6 (Groundball, 3, EV 88.1 MPH) Wei-fang Ping to third
|
|
Batting: SHB Justin Jackson
|
0-0: Foul Ball, location: 2F 0-1: DOUBLE (Groundball, 5L, EV 102.5 MPH) Wei-fang Ping scores Gashie Chimsima to third
|
|
Pitching: LHP Jason Haas
|
|
|
Batting: RHB Dan Hoffman
|
0-0: Foul Ball, location: 2F 0-1: Ground out 6-3 (Groundball, 6, EV 103.1 MPH) Gashie Chimsima scores
|
|
Batting: RHB Edwin Bejarano
|
0-0: Swinging Strike 0-1: Ball 1-1: Called Strike 1-2: Ball 2-2: Strikes out swinging
|
| Bottom of the 4th over - 2 runs, 2 hits, 0 errors, 1 left on base; San Francisco (APP) 7 - Grand Junction 6 |
| TOP OF THE 5TH |
|
San Francisco (APP) Giants batting - Pitching for Grand Junction Rockies : RHP Ricardo Roman
|
|
Batting: LHB Dennis Jones
|
0-0: Called Strike 0-1: Swinging Strike 0-2: Ball 1-2: Ball 2-2: Foul Ball, location: 2F 2-2: Ball 3-2: Ground out 4-3 (Groundball, 34, EV 105.0 MPH)
|
|
Batting: RHB Alex Peguero
|
0-0: Called Strike 0-1: SOLO HOME RUN (Flyball, 7LD, EV 97.5 MPH), Distance : 356 ft
|
|
Batting: RHB Noe Oliva
|
0-0: Swinging Strike 0-1: Swinging Strike 0-2: Strikes out swinging, 2-3 out at first.
|
|
Batting: RHB Jonathan Hemsley
|
0-0: Ball 1-0: Called Strike 1-1: Ball 2-1: Ground out U3 (Groundball, 3S, EV 86.2 MPH)
|
| Top of the 5th over - 1 run, 1 hit, 0 errors, 0 left on base; San Francisco (APP) 8 - Grand Junction 6 |
| BOTTOM OF THE 5TH |
|
Grand Junction Rockies batting - Pitching for San Francisco (APP) Giants : LHP Jason Haas
|
|
Batting: LHB Georges Lambert
|
0-0: Ball 1-0: Called Strike 1-1: Called Strike 1-2: Ball 2-2: Ball 3-2: Foul Ball, location: 2F 3-2: Foul Ball, location: 2F 3-2: Base on Balls
|
|
Batting: SHB Oscar Barahona
|
0-0: Ball 1-0: Called Strike 1-1: Ball 2-1: Foul Ball, location: 2F 2-2: Grounds into double play, 5-4-3 (Groundball, 5L, EV 100.6 MPH)
|
|
Batting: RHB Xavier Williams
|
0-0: Ball 1-0: Ground out 6-3 (Groundball, 6, EV 103.8 MPH)
|
| Bottom of the 5th over - 0 runs, 0 hits, 0 errors, 0 left on base; San Francisco (APP) 8 - Grand Junction 6 |
| TOP OF THE 6TH |
|
San Francisco (APP) Giants batting - Pitching for Grand Junction Rockies : RHP Ricardo Roman
|
|
Pitching: RHP Jim Crooks
|
|
|
Batting: RHB Vinny Torres
|
0-0: Ball 1-0: Ball 2-0: Ball 3-0: Called Strike 3-1: Base on Balls
|
|
Batting: RHB Coen Dirks
|
0-0: Called Strike 0-1: Ball 1-1: Foul Ball, location: 2F 1-2: Ball 2-2: Foul Ball, location: 2F 2-2: Grounds into double play, 6-4-3 (Groundball, 6M, EV 83.1 MPH)
|
|
Batting: RHB Zach Maguire
|
0-0: Ball 1-0: Called Strike 1-1: Swinging Strike 1-2: Strikes out swinging
|
| Top of the 6th over - 0 runs, 0 hits, 0 errors, 0 left on base; San Francisco (APP) 8 - Grand Junction 6 |
| BOTTOM OF THE 6TH |
|
Grand Junction Rockies batting - Pitching for San Francisco (APP) Giants : LHP Jason Haas
|
|
Batting: RHB Wei-fang Ping
|
0-0: Ball 1-0: Ball 2-0: Ball 3-0: Called Strike 3-1: Base on Balls
|
|
Batting: RHB Tom Gentry
|
0-0: Ball 1-0: Swinging Strike 1-1: Ball 2-1: Ball 3-1: Base on Balls Wei-fang Ping to second
|
|
Batting: RHB Gashie Chimsima
|
0-0: Ball 1-0: Ball 2-0: Called Strike 2-1: Called Strike 2-2: Ball 3-2: Base on Balls Wei-fang Ping to third Tom Gentry to second
|
|
Batting: SHB Justin Jackson
|
0-0: Swinging Strike 0-1: Ball 1-1: Swinging Strike 1-2: Ball 2-2: Foul Ball, location: 2F 2-2: Ball 3-2: Base on Balls Wei-fang Ping scores Tom Gentry to third Gashie Chimsima to second
|
|
Batting: RHB Dan Hoffman
|
0-0: Ball 1-0: Ball 2-0: Called Strike 2-1: Foul Ball, location: 2F 2-2: Foul Ball, location: 2F 2-2: Foul Ball, location: 2F 2-2: DOUBLE (Groundball, 5L, EV 108.1 MPH) Tom Gentry scores Gashie Chimsima scores Justin Jackson to third
|
|
Batting: RHB Edwin Bejarano
|
0-0: Intentional Walk
|
|
Pitching: RHP Sam Green
|
|
|
Batting: LHB Georges Lambert
|
0-0: Ball 1-0: SINGLE (Groundball, 4M, EV 107.5 MPH) Justin Jackson scores Dan Hoffman to third Edwin Bejarano to second
|
|
Batting: SHB Oscar Barahona
|
0-0: SINGLE (Groundball, 34D, EV 110.6 MPH) Dan Hoffman scores Edwin Bejarano to third Georges Lambert to second
|
|
Batting: RHB Xavier Williams
|
0-0: Ball 1-0: SINGLE (Groundball, 56, EV 95.0 MPH) Edwin Bejarano scores Georges Lambert to third Oscar Barahona to second
|
|
Batting: RHB Wei-fang Ping
|
0-0: Ball 1-0: Called Strike 1-1: Swinging Strike 1-2: Foul Ball, location: 2F 1-2: Foul Ball, location: 2F 1-2: Foul Ball, location: 2F 1-2: Ball 2-2: Strikes out swinging
|
|
Batting: RHB Tom Gentry
|
0-0: Grounds into double play, 6-4-3 (Groundball, 6, EV 98.1 MPH)
|
| Bottom of the 6th over - 6 runs, 4 hits, 0 errors, 2 left on base; San Francisco (APP) 8 - Grand Junction 12 |
| TOP OF THE 7TH |
|
San Francisco (APP) Giants batting - Pitching for Grand Junction Rockies : RHP Jim Crooks
|
|
Batting: RHB Edwin Verdugo
|
0-0: SOLO HOME RUN (Flyball, 7D, EV 102.5 MPH), Distance : 394 ft
|
|
Batting: RHB Tsugio Yamaguchi
|
0-0: Swinging Strike 0-1: Foul Ball, location: 2F 0-2: Ball 1-2: Strikes out swinging
|
|
Batting: LHB Dennis Jones
|
0-0: Ball 1-0: SINGLE (Groundball, 34D, EV 94.4 MPH)
|
|
Batting: RHB Alex Peguero
|
0-0: Called Strike 0-1: Swinging Strike 0-2: Ball 1-2: Strikes out swinging
|
|
Pinch Hitting: LHB Chris West
|
0-0: Called Strike 0-1: Called Strike 0-2: Ball 1-2: Ground out 4-3 (Groundball, 34, EV 77.5 MPH)
|
| Top of the 7th over - 1 run, 2 hits, 0 errors, 1 left on base; San Francisco (APP) 9 - Grand Junction 12 |
| BOTTOM OF THE 7TH |
|
Grand Junction Rockies batting - Pitching for San Francisco (APP) Giants : RHP Sam Green
|
|
Now in CF: Cedric Sweep
|
|
|
Batting: RHB Gashie Chimsima
|
0-0: Ball 1-0: Swinging Strike 1-1: Foul Ball, location: 2F 1-2: Foul Ball, location: 2F 1-2: Ball 2-2: SINGLE (Groundball, 4D, EV 103.8 MPH)
|
|
Batting: SHB Justin Jackson
|
0-0: Ball 1-0: Called Strike 1-1: Foul Ball, location: 2F 1-2: Ball 2-2: Foul Ball, location: 2F 2-2: Ball 3-2: Base on Balls Gashie Chimsima to second
|
|
Pitching: RHP Kip Connolly
|
|
|
Batting: RHB Dan Hoffman
|
0-0: Ball 1-0: Swinging Strike 1-1: Foul Ball, location: 2F 1-2: Single, Error in OF, E8, batter to second base (Line Drive, 6MD, EV 95.6 MPH) Gashie Chimsima scores Justin Jackson to third
|
|
Batting: RHB Edwin Bejarano
|
0-0: Ball 1-0: Ball 2-0: Foul Ball, location: 2F 2-1: Foul Ball, location: 2F 2-2: Strikes out swinging
|
|
Pitching: LHP Randy Monaco
|
|
|
Batting: LHB Georges Lambert
|
0-0: Ball 1-0: Called Strike 1-1: 3-RUN HOME RUN (Flyball, 9D, EV 109.4 MPH), Distance : 389 ft
|
|
Pitching: RHP Danny Estrada
|
|
|
Batting: SHB Oscar Barahona
|
0-0: Foul Ball, location: 2F 0-1: Ball 1-1: Ground out 5-3 (Groundball, 5, EV 86.9 MPH)
|
|
Batting: RHB Xavier Williams
|
0-0: Called Strike 0-1: Ball 1-1: Ball 2-1: Ball 3-1: Base on Balls
|
|
Batting: RHB Wei-fang Ping
|
0-0: Ball 1-0: Called Strike 1-1: Ball 2-1: Ball 3-1: Swinging Strike 3-2: Foul Ball, location: 2F 3-2: Ground out 6-3 (Groundball, 6, EV 82.5 MPH)
|
| Bottom of the 7th over - 4 runs, 3 hits, 1 error, 1 left on base; San Francisco (APP) 9 - Grand Junction 16 |
| TOP OF THE 8TH |
|
San Francisco (APP) Giants batting - Pitching for Grand Junction Rockies : RHP Jim Crooks
|
|
Pinch Hitting: LHB Kuan Hsia
|
0-0: Called Strike 0-1: Ball 1-1: Swinging Strike 1-2: Ball 2-2: Strikes out swinging
|
|
Pinch Hitting: RHB Azeem bin Zuhair
|
0-0: Ball 1-0: Fly out, F9 (Flyball, 9, EV 82.5 MPH)
|
|
Pinch Hitting: RHB Malik Sharpless
|
0-0: Foul Ball, location: 2F 0-1: Ground out 6-3 (Groundball, 6M, EV 83.1 MPH)
|
| Top of the 8th over - 0 runs, 0 hits, 0 errors, 0 left on base; San Francisco (APP) 9 - Grand Junction 16 |
| BOTTOM OF THE 8TH |
|
Grand Junction Rockies batting - Pitching for San Francisco (APP) Giants : RHP Danny Estrada
|
|
Now at 2B: Malik Sharpless
|
|
|
Now in LF: Azeem bin Zuhair
|
|
|
Now in RF: Kuan Hsia
|
|
|
Batting: RHB Tom Gentry
|
0-0: Called Strike 0-1: Called Strike 0-2: Ball 1-2: Foul Ball, location: 2F 1-2: Ball 2-2: Foul Ball, location: 2F 2-2: Strikes out looking
|
|
Batting: RHB Gashie Chimsima
|
0-0: Ball 1-0: Foul Ball, location: 2F 1-1: Swinging Strike 1-2: SINGLE (Groundball, 4MS, EV 62.5 MPH) (infield hit)
|
|
Batting: SHB Justin Jackson
|
0-0: Called Strike 0-1: DOUBLE (Line Drive, 8RXD, EV 98.1 MPH) Gashie Chimsima to third
|
|
Pitching: LHP Justin Tidwell
|
|
|
Batting: RHB Dan Hoffman
|
0-0: Foul Ball, location: 2F 0-1: Ball 1-1: 3-RUN HOME RUN (Flyball, 7LD, EV 92.5 MPH), Distance : 338 ft
|
|
Batting: RHB Edwin Bejarano
|
0-0: Ball 1-0: Ground out 5-3 (Groundball, 56S, EV 67.5 MPH)
|
|
Batting: LHB Georges Lambert
|
0-0: Ball 1-0: Fly out, F9 (Line Drive, 9, EV 105.0 MPH)
|
| Bottom of the 8th over - 3 runs, 3 hits, 0 errors, 0 left on base; San Francisco (APP) 9 - Grand Junction 19 |
| TOP OF THE 9TH |
|
San Francisco (APP) Giants batting - Pitching for Grand Junction Rockies : RHP Jim Crooks
|
|
Batting: RHB Zach Maguire
|
0-0: Ball 1-0: Called Strike 1-1: Ball 2-1: Ball 3-1: Called Strike 3-2: Base on Balls
|
|
Pinch Hitting: RHB RĂºbem Trancoso
|
0-0: Ball 1-0: Called Strike 1-1: Ball 2-1: Ball 3-1: Swinging Strike 3-2: Foul Ball, location: 2F 3-2: Strikes out swinging
|
|
Batting: RHB Tsugio Yamaguchi
|
0-0: Ball 1-0: Called Strike 1-1: Fly out, F7 (Flyball, 7, EV 91.2 MPH)
|
|
Pinch Hitting: RHB Chris Kulik
|
0-0: Ball 1-0: SINGLE (Groundball, 6MD, EV 102.5 MPH) Zach Maguire to second
|
|
Batting: RHB Alex Peguero
|
0-0: Ball 1-0: Ball 2-0: Ground out U3 (Groundball, 13, EV 88.1 MPH)
|
| Top of the 9th over - 0 runs, 1 hit, 0 errors, 2 left on base; San Francisco (APP) 9 - Grand Junction 19 |
|